 Dungeon Crawl Stone Soup version 0.24-a0-537-g2d01d4ab0a (webtiles) character file.

Game seed: 6654987455478560540

55 DasRunzen the Skirmisher (level 3, -3/41 HPs)
             Began as an Ogre Berserker on Aug 14, 2019.
             Was a Believer of Trog.
             Slain by a gnoll
             ... wielding a +0 club
              (7 damage)
             ... on level 1 of the Dungeon.
             The game lasted 00:02:34 (1158 turns).

DasRunzen the Skirmisher (Ogre Berserker)           Turns: 1158, Time: 00:02:35

Health: -3/41      AC:  3    Str: 21    XL:     3   Next: 93%
Magic:  3/3        EV: 10    Int:  8    God:    Trog [**....]
Gold:   44         SH:  0    Dex:  9    Spells: 2/2 levels left

rFire    . . .     SeeInvis .   g - +4 whip
rCold    . . .     Gourm    .   (no shield)
rNeg     . . .     Faith    .   b - +0 animal skin
rPois    .         Spirit   .   (helmet restricted)
rElec    .         Reflect  .   (no cloak)
rCorr    .         Harm     .   (gloves unavailable)
MR       .....                  (boots unavailable)
Stlth    +.........             (no amulet)
HPRegen  0.13/turn              (no ring)
MPRegen  0.08/turn              (no ring)

@: no status effects
A: large, unfitting armour, tough skin 1
a: Berserk, Trog's Hand, Renounce Religion


You were on level 1 of the Dungeon.
You worshipped Trog.
Trog was pleased with you.
You were near starving.

You visited 1 branch of the dungeon, and saw 2 of its levels.

You collected 44 gold pieces.

Inventory:

Hand Weapons
 g - a +4 whip (weapon)
Armour
 b - a +0 animal skin (worn)
Scrolls
 a - a scroll of identify
 f - 2 scrolls of teleportation
Potions
 d - a potion of lignification
 e - a potion of berserk rage {unknown}
Comestibles
 c - 2 rations


   Skills:
 + Level 4.8 Fighting
 + Level 3.3 Maces & Flails
 + Level 3.3 Dodging


You had 2 spell levels left.
You didn't know any spells.
Your spell library was empty.

Dungeon Overview and Level Annotations

Branches:
Dungeon (2/15)

Altars:


Innate Abilities, Weirdness & Mutations

You are too large for most types of armour.
You have tough skin. (AC +1)


Message History

The bat is severely wounded.
The bat hits you but does no damage. The bat misses you.
The gnoll hits you from afar with a +0 spear!
The bat hits you but does no damage. The gnoll closely misses you.
The gnoll barely misses you.
There is a stone staircase leading up here.
The bat hits you but does no damage. The gnoll hits you with a +0 spear!
The gnoll hits you but does no damage. x2
You climb upwards.
There is a stone staircase leading down here.
You closely miss the gnoll. The gnoll hits you with a +0 spear.
The gnoll barely misses you. x2
You are too injured to fight recklessly!
You are too injured to fight recklessly!
You hit the gnoll but do no damage. The gnoll hits you but does no damage.
The gnoll hits you with a cursed -1 spear!
* * * LOW HITPOINT WARNING * * *
The gnoll hits you with a +0 club!
You die...

#...)....#.# #)#'##...# #...#.8..
#........#.# #.#.##...# #...#....
#........#.# #.#.##...# #...##.8.
#........#.# #.#.###### #...##...
#........#'###...#### #...###..
########....##......#####...####+
# #....##......##........... #
#....##..g...##...........
##########'###..@...##....#######
.........#.# #.g.g..##...........
########.#.# #....(.#############
#.#.# #......# #.#.# ########
#.#.# #.#.# #...# #####


You could see 3 gnolls.

Vanquished Creatures
  An adder (D:2)
  2 worms (D:2)
  A dart slug (D:1)
  A leopard gecko (D:1)
  4 bats (D:1)
  A giant cockroach (D:2)
  7 goblins
  4 hobgoblins (D:1)
  3 jackals (D:2)
  6 kobolds
  2 frilled lizards (D:2)
  2 rats
34 creatures vanquished.

Notes
Turn   | Place    | Note
-------+----------+-------------------------------------------
     0 | D:1      | DasRunzen the Ogre Berserker began the quest for the Orb.
     0 | D:1      | Reached XP level 1. HP: 24/24 MP: 1/1
   181 | D:1      | Reached XP level 2. HP: 26/32 MP: 2/2
   330 | D:1      | Reached ** piety under Trog
   405 | D:1      | Reached XP level 3. HP: 40/40 MP: 3/3
  1158 | D:1      | Slain by a gnoll

Levels and vault maps discovered:
D:1:      dpeg_arrival_refuge, layout_basic
D:2:      layout_loops_cross, first_ration, chequers_ecumenical_altar_grove

Skill      XL: |  1  2 |
---------------+-------+-----
Maces & Flails | 3 |  3.3
Dodging        | 3 |  3.3
Fighting       | |  4.8

Action                   || total
-------------------------++-------
Melee: Mace              ||    17
       Whip              ||    98
Invok: Trog's Hand       ||     2
  Use: Scroll            ||     6
       Potion            ||     1
 Stab: Sleeping          ||     1
Armor: Animal skin       ||    71
Dodge: Dodged            ||   115

Table legend:
 A = Non-vault XP
 B = Vault XP
 C = Vault XP percentage of total XP
 D = Non-vault monster count
 E = Vault monster count
 F = Vault count percentage of total count
                 A         B        C        D         E       F
            +---------+---------+-------+---------+---------+-------
      Total |      79 |       0 |   0.0 |      34 |       0 |   0.0
            +---------+---------+-------+---------+---------+-------
        D:1 |      37 |       0 |   0.0 |      20 |       0 |   0.0
        D:2 |      42 |       0 |   0.0 |      14 |       0 |   0.0
            +---------+---------+-------+---------+---------+-------
